 Dungeon Crawl Stone Soup version 0.23-a0-629-gae4348f (webtiles) character file.

275 Darkshadow the Chopper (level 6, 0/56 HPs)
             Began as a Hill Orc Monk on Dec 26, 2018.
             Slain by a crocodile (11 damage)
             ... on level 3 of the Dungeon.
             The game lasted 00:11:26 (4598 turns).

Darkshadow the Chopper (Hill Orc Monk)              Turns: 4598, Time: 00:11:27

Health: 0/56       AC:  6    Str: 16    XL:     6   Next: 25%
Magic:  6/6        EV: 12    Int: 10    God:
Gold:   141        SH:  0    Dex: 13    Spells: 5/5 levels left

rFire    . . .     SeeInvis .   a - +0 hand axe
rCold    . . .     Gourm    .   (no shield)
rNeg     . . .     Faith    .   k - +0 ring mail
rPois    .         Spirit   .   (no helmet)
rElec    .         Reflect  .   q - +0 cloak
rCorr    .         Harm     .   (no gloves)
MR       .....                  (no boots)
Stlth    +.........             (no amulet)
HPRegen  0.18/turn              (no ring)
MPRegen  0.10/turn              (no ring)

@: no status effects
A: no striking features
a: no special abilities


You were on level 3 of the Dungeon.
You were hungry.

You visited 1 branch of the dungeon, and saw 3 of its levels.

You collected 141 gold pieces.

Inventory:

Hand Weapons
 a - a +0 hand axe (weapon)
Missiles
 d - 104 stones (quivered)
 m - a throwing net
Armour
 b - a +0 robe
 k - a +0 ring mail (worn)
 q - a +0 cloak (worn)
Scrolls
 e - 4 scrolls of identify {unknown}
 f - 2 scrolls of amnesia {unknown}
 g - 2 scrolls of noise {unknown}
 h - 2 scrolls of remove curse {unknown}
 o - 2 scrolls of fog {unknown}
 p - a scroll of enchant weapon {unknown}
 s - a scroll of teleportation {unknown}
Potions
 i - a potion of agility {unknown}
 j - a potion of lignification {unknown}
 l - a potion of heal wounds {unknown}
 n - a potion of curing {@q1}
 r - a potion of resistance {unknown}
Comestibles
 c - 7 rations


   Skills:
 + Level 5.0 Fighting
 * Level 6.7 Axes
 + Level 2.8 Armour
 - Level 2.8 Dodging
 - Level 1.6 Stealth


You had 5 spell levels left.
You didn't know any spells.
Your spell library was empty.

Dungeon Overview and Level Annotations

Branches:
Dungeon (3/15)

Altars:

Annotations:
D:1 exclusion: downstairs


Message History

The crocodile is severely wounded.
The crocodile bites you!
You hit the crocodile but do no damage.
The crocodile is severely wounded.
Your ring mail prevents you from hitting the crocodile.
The crocodile is severely wounded.
The crocodile bites you.
There is a stone staircase leading up, spattered with blood here.
You hit the crocodile.
The crocodile is almost dead.
The crocodile bites you!
* * * LOW HITPOINT WARNING * * *
You barely miss the crocodile.
The crocodile is almost dead.
The crocodile misses you.
You closely miss the crocodile.
The crocodile is almost dead.
The crocodile bites you but does no damage.
The crocodile bites you!
You die...

##################
#...g.gg..........
#.################
#####.# #...#.# #.#.#)#
####### #.#.#@# #.....#
#.#.#t# #.....# #.#.#.#
#.....# #.#.#.#
#.....###### #.#.#)#
#.....#....### ###.#.#.#
#.....#.....))
#.....#.###.....#.....##
#.#.#.................##
#.#.#.#.###.............


You could see a crocodile.

Vanquished Creatures
  Crazy Yiuf (D:2)
  Natasha (thrice) (D:2)
  4 gnolls
  6 adders
  2 worms (D:2)
  5 dart slugs
  A leopard gecko (D:1)
  An orc (D:2)
  9 bats
  4 giant cockroaches
  6 goblins
  8 hobgoblins
  4 jackals (D:1)
  A quokka (D:2)
  5 frilled lizards
  6 kobolds
  6 rats
72 creatures vanquished.

Notes
Turn   | Place    | Note
-------+----------+-------------------------------------------
     0 | D:1      | Darkshadow the Hill Orc Monk began the quest for the Orb.
     0 | D:1      | Reached XP level 1. HP: 19/19 MP: 1/1
   209 | D:1      | Reached XP level 2. HP: 19/27 MP: 2/2
   789 | D:1      | Reached XP level 3. HP: 33/33 MP: 3/3
   796 | D:1      | Reached skill level 1 in Armour
  1203 | D:2      | Noticed Natasha
  1312 | D:2      | Reached skill level 5 in Axes
  1326 | D:2      | Reached XP level 4. HP: 38/40 MP: 4/4
  1644 | D:2      | Killed Natasha
  1749 | D:2      | Reached XP level 5. HP: 32/47 MP: 5/5
  1768 | D:2      | Noticed Natasha
  1842 | D:2      | Killed Natasha
  1956 | D:2      | Found a runed door.
  2070 | D:2      | Noticed Natasha
  2093 | D:2      | Killed Natasha
  2093 | D:2      | Reached skill level 6 in Axes
  2464 | D:2      | Noticed Crazy Yiuf
  2471 | D:2      | Killed Crazy Yiuf
  2609 | D:3      | Noticed a crocodile
  3085 | D:2      | Reached XP level 6. HP: 35/55 MP: 6/6
  3271 | D:3      | Reached skill level 5 in Fighting
  4598 | D:3      | Slain by a crocodile

Vault maps used:
D:1:      wander_arrival_fairy_ring
D:2:      first_ration, uniq_crazy_yiuf_cottage, uniq_natasha

Skill      XL: |  1  2  3  4  5  6 |
---------------+-------------------+-----
Armour         | 1 2 |  2.8
Fighting       | 4 5 |  5.0
Axes           | 5 6 |  6.7
Dodging        | |  2.8
Stealth        | |  1.6

Action                   |  1- 3 |  4- 6 || total
-------------------------+-------+-------++-------
Melee: Hand axe          |   101 |   242 ||   343
Throw: Stone             |    10 |     6 ||    16
 Stab: Sleeping          |     4 |       ||     4
  Eat: Chunk             |     1 |     7 ||     8
       Ration            |       |     1 ||     1
Armor: Robe              |    22 |       ||    22
       Ring mail         |     4 |    76 ||    80
Dodge: Dodged            |   100 |   131 ||   231

Table legend:
 A = Non-vault XP
 B = Vault XP
 C = Vault XP percentage of total XP
 D = Non-vault monster count
 E = Vault monster count
 F = Vault count percentage of total count
                 A         B        C        D         E       F
            +---------+---------+-------+---------+---------+-------
      Total |     320 |      74 |  18.8 |      70 |       2 |   2.8
            +---------+---------+-------+---------+---------+-------
        D:1 |      65 |       0 |   0.0 |      28 |       0 |   0.0
        D:2 |     170 |      74 |  30.3 |      27 |       2 |   6.9
        D:3 |      85 |       0 |   0.0 |      15 |       0 |   0.0
            +---------+---------+-------+---------+---------+-------
